 Dungeon Crawl Stone Soup version 0.27.0-66-gdc8fb28755 (webtiles) character file.

Game seed: 13113114804577907339

4 Malachi the Chiller (level 1, -3/10 HPs)
             Began as a Gargoyle Ice Elementalist on Aug 19, 2021.
             Slain by a kobold (5 damage)
             ... on level 1 of the Dungeon.
             The game lasted 00:00:24 (99 turns).

Malachi the Chiller (Gargoyle Ice Elementalist)       Turns: 99, Time: 00:00:24

Health: -3/10      AC:  4    Str: 11    XL:     1   Next: 70%
Magic:  2/3        EV: 12    Int: 15    God:
Gold:   0          SH:  0    Dex: 10    Spells: 3/4 levels left

rFire    . . .     SeeInvis .   (no weapon)
rCold    . . .     Faith    .   (no shield)
rNeg     + . .     Spirit   .   a - +0 robe
rPois    ∞         Reflect  .   (no helmet)
rElec    +         Harm     .   (no cloak)
rCorr    .         Rampage  .   (no gloves)
Will     .....                  (no boots)
Stlth    +.........             (no amulet)
HPRegen  0.03/turn              (no ring)
MPRegen  0.08/turn              (no ring)

@: very slow
A: sickness immunity, AC +2, negative energy resistance 1, electricity
resistance, torment resistance 1, petrification resistance
a: no special abilities


You were on level 1 of the Dungeon.
You visited 1 branch of the dungeon, and saw 1 of its levels.

Inventory:

Armour
 a - a +0 robe (worn)
Scrolls
 b - a scroll of immolation {unknown}


   Skills:
 + Level 1.6 Dodging
 + Level 2.2 Stealth
 + Level 2.0 Spellcasting
 * Level 4.2 Ice Magic


You had 3 spell levels left.
You knew the following spells:

 Your Spells              Type           Power      Damage    Failure   Level
a - Freeze                Ice            56%        1d7       4%          1

Your spell library contained the following spells:

 Spells                   Type           Power      Damage    Failure   Level
 Frozen Ramparts          Ice            28%        1d4       12%         3
 Ozocubu's Armour         Ice            14%        N/A       12%         3
 Hailstorm                Conj/Ice       7%         3d4       67%         4


Dungeon Overview and Level Annotations

Branches:
Dungeon (1/15)

Altars:


Innate Abilities, Weirdness & Mutations

You are immune to sickness and miasma.
Your stone body is resilient. (AC +2)
You are immune to poison.
You resist negative energy. (rN+)
You are resistant to electric shocks. (rElec)
You are resistant to unholy torment.
You are immune to petrification.


Message History

Confirm with . or Enter, or press ? or * to list all spells.
Aiming: Freeze (safe; 4% risk of failure)
Press: ? - help, Shift-Dir - straight line, f - frilled lizard
Aim: a frilled lizard You freeze the frilled lizard.
You kill the frilled lizard!
Casting: Freeze (safe; 4% risk of failure)
Confirm with . or Enter, or press ? or * to list all spells.
You don't have enough magic to cast this spell.
Unknown command.
Casting: Freeze (safe; 4% risk of failure)
Confirm with . or Enter, or press ? or * to list all spells.
You don't have enough magic to cast this spell.
Unknown command.
You closely miss the kobold. You completely miss the kobold.
The kobold barely misses you. The kobold hits you but does no damage.
A quokka comes into view.
You hit the kobold.
You kill the kobold!
The kobold hits you with a +0 short sword.
Ouch! That really hurt!
You hit the goblin but do no damage.
The kobold hits you with a +0 short sword.
* * * LOW HITPOINT WARNING * * *
An endoplasm comes into view.
The goblin hits you with a +0 dagger.
* * * LOW HITPOINT WARNING * * *
The endoplasm quivers.
You hit the goblin.
The goblin is moderately wounded.
The kobold barely misses you. The goblin hits you but does no damage.
The kobold hits you but does no damage.
There is a stone staircase leading down here.
The quokka barely misses you.
You enter the shallow water.
Moving in this stuff is going to be slow.
The kobold hits you with a +0 short sword.
Ouch! That really hurt!
You die...

########.......#
#.........#
#.J.......# ##
♣.........♣ ♣≈#
♣♣......♣.♣♣≈≈#
♣.........♣≈≈≈#
♣g...♣...≈≈≈≈♣
♣Kr.≈≈≈≈≈≈≈≈≈♣
♣♣@≈≈≈≈≈≈≈≈≈≈♣♣
♣♣≈≈≈≈≈≈≈≈≈≈♣♣♣
♣♣≈≈≈≈≈≈≈≈...♣
♣≈≈≈≈..♣..♣..♣
♣≈≈≈.........♣
#≈≈≈♣...♣.....♣
#≈≈♣♣♣.......♣♣
#≈♣ ♣♣........♣
#♣ ♣..♣...♣..♣


You could see an endoplasm, a quokka, a goblin and a kobold.

Vanquished Creatures
  A goblin (D:1)
  A quokka (D:1)
  2 frilled lizards (D:1)
  A kobold (D:1)
5 creatures vanquished.

Notes
Turn   | Place    | Note
-------+----------+-------------------------------------------
     0 | D:1      | Malachi the Gargoyle Ice Elementalist began the quest for
                  | the Orb.
     0 | D:1      | Reached XP level 1. HP: 10/10 MP: 3/3
    99 | D:1      | Slain by a kobold

Illustrated notes

Levels and vault maps discovered:
D:1:      lemuel_arrival_river_ford, layout_basic

Action                   || total
-------------------------++-------
Melee: Unarmed           ||     7
 Cast: Freeze            ||     5
Armor: Robe              ||     3
Dodge: Dodged            ||     5
